 Dungeon Crawl Stone Soup version 0.21-a0-70-g32e1473 (webtiles) character file.

60 nubinia the Magician (level 4, -2/24 HPs)
             Began as a Tengu Wizard on June 18, 2017.
             Was a Follower of Makhleb.
             Killed from afar by an orc wizard (10 damage)
             ... with a magic dart
             ... on level 3 of the Dungeon.
             The game lasted 00:10:51 (2246 turns).

nubinia the Magician (Tengu Wizard)                 Turns: 2246, Time: 00:10:51

Health: -2/24      AC:  3    Str:  5 (7)  XL:     4   Next: 4%
Magic:  0/11       EV: 18    Int: 18 (20) God:    Makhleb [*.....]
Gold:   68         SH:  0    Dex: 15 (17) Spells: 2/11 levels left

rFire    . . .     SeeInvis .   p - +1 spear
rCold    . . .     Gourm    .   (no shield)
rNeg     . . .     Faith    +   a - +0 robe
rPois    .         Spirit   .   b - +0 hat
rElec    .         Reflect  .   m - +0 cloak
rCorr    .         Harm     .   (no gloves)
MR       +....                  (boots unavailable)
Stlth    +++.......             q - amulet of faith
HPRegen  0.08/turn              i - ring of flight
MPRegen  0.12/turn              o - ring of protection from magic

@: agile, very slightly contaminated
A: beak, talons 3
a: Renounce Religion, Evoke Flight


You were on level 3 of the Dungeon.
You worshipped Makhleb.
Makhleb was aware of your devotion.
You were not hungry.

You visited 1 branch of the dungeon, and saw 3 of its levels.

You collected 68 gold pieces.

Inventory:

Hand Weapons
 p - a +1 spear (weapon)
Armour
 a - a +0 robe (worn)
 b - a +0 hat (worn)
 m - a +0 cloak (worn)
 y - a +1 ring mail of magic resistance
Jewellery
 i - a ring of flight (left hand)
 o - a ring of protection from magic (right hand)
 q - an amulet of faith (around neck)
 s - an uncursed amulet of the gourmand {unknown}
Scrolls
 g - a scroll of enchant armour {unknown}
 j - a scroll of remove curse
 r - a scroll of enchant weapon
 w - a scroll of amnesia {unknown}
 x - a scroll of fear {unknown}
Potions
 e - a potion of degeneration
 l - a potion of haste {unknown}
 n - a potion of flight
 u - a potion of brilliance {unknown}
 v - a potion of mutation {unknown}
Books
 c - a book of Minor Magic

   Spells                             Type                      Level
   a - Magic Dart                     Conjuration                  1
   b - Blink                          Translocation                2
   c - Call Imp                       Summoning                    2
   d - Slow                           Hexes                        2
   e - Conjure Flame                  Conjuration/Fire             3
   f - Mephitic Cloud                 Conjuration/Poison/Air       3
Comestibles
 d - 3 bread rations
 f - 4 fruits
 t - 2 chunks of flesh


   Skills:
 + Level 0.2 Fighting
 + Level 2.5 Dodging
 + Level 2.3 Stealth
 + Level 4.0 Spellcasting
 + Level 2.0 Conjurations
   Level 1.2 Summonings
 + Level 0.7 Translocations
 * Level 0.6 Air Magic


You had 2 spell levels left.
You knew the following spells:

 Your Spells              Type           Power        Failure   Level  Hunger
a - Magic Dart            Conj           ##..         6%          1    None
b - Blink                 Tloc           N/A          17%         2    ##.....
c - Mephitic Cloud        Conj/Pois/Air  #.......     30%         3    ###....
d - Conjure Flame         Conj/Fire      #.......     28%         3    ###....


Dungeon Overview and Level Annotations

Branches:
Dungeon (3/15)

Altars:
Makhleb
Sif Muna


Innate Abilities, Weirdness & Mutations

You have a beak for a mouth.
You have claws for feet.


Message History

The orc wizard hits you with a dagger of flaming.
* * * LOW HITPOINT WARNING * * *
The orc wizard burns you.
* * * LOW HITPOINT WARNING * * *
You feel better.
The orc wizard casts a spell.
The orc wizard blinks!
It was a potion of degeneration.
There was something very wrong with that liquid.
You feel weakened.
You feel dopey.
You feel clumsy. The orc wizard misses you.
Okay, then.
Okay, then.
Wield which item (- for none, * to show all)? (? for menu, Esc to quit)
Okay, then.
It was a potion of agility.
You feel agile all of a sudden. The orc wizard casts a spell at you.
The magic dart hits you!
You die...

#.# ##########.##
#...........#
####.########<.#
.S....## #..#
####.....#####).######
#...........##...))(.#
#.....S..###.####.#
#........o@..# #.#
#........##### #.#
##.o...#.# #.#
........%.##.>. ..#
############# # ###


You could see an orc wizard, an adder (confused) and an orc.

Vanquished Creatures
  An adder (D:2)
  An ooze (D:1)
  A dart slug (D:1)
  6 orcs
  2 giant cockroaches
  4 hobgoblins
  10 kobolds
  A quokka (D:2)
  A ball python (D:2)
  3 bats
  3 frilled lizards
  2 goblins
  5 rats
40 creatures vanquished.

Notes
Turn   | Place    | Note
-------+----------+-------------------------------------------
     0 | D:1      | nubinia the Tengu Wizard began the quest for the Orb.
     0 | D:1      | Reached XP level 1. HP: 10/10 MP: 5/5
   253 | D:1      | Reached XP level 2. HP: 3/15 MP: 0/7
  1397 | D:2      | Reached XP level 3. HP: 19/19 MP: 7/9
  1556 | D:2      | Found a faded altar of an unknown god.
  1562 | D:2      | Became a worshipper of Makhleb the Destroyer
  1562 | D:2      | Reached * piety under Makhleb
  1613 | D:2      | Found a deep blue altar of Sif Muna.
  1825 | D:2      | You fall through a shaft!
  2025 | D:2      | Learned a level 2 spell: Blink
  2029 | D:2      | Learned a level 3 spell: Mephitic Cloud
  2033 | D:2      | Learned a level 3 spell: Conjure Flame
  2177 | D:3      | Reached XP level 4. HP: 24/24 MP: 6/10
  2191 | D:3      | Reached skill level 4 in Spellcasting
  2246 | D:3      | Killed from afar by an orc wizard

Vault maps used:
D:1:      eino_arrival_cavern_c
D:2:      lemuel_round_altar, chequers_ecumenical_altar_simple, first_bread
D:3:      nicolae_overflow_crystal_walls, small_statue_intersection

Skill      XL: |  1  2  3  4 |
---------------+-------------+-----
Conjurations   | 2 |  2.0
Spellcasting   | 4 |  4.0
Fighting       | |  0.2
Dodging        | |  2.5
Stealth        | |  2.3
Summonings     | |  1.2
Translocations | |  0.7
Air Magic      | |  0.6

Action                   |  1- 3 |  4- 6 || total
-------------------------+-------+-------++-------
Melee: Unarmed           |     3 |       ||     3
       Kick              |     5 |     3 ||     8
       Spear             |    30 |     5 ||    35
       Peck              |     4 |       ||     4
 Cast: Magic Dart        |    87 |     8 ||    95
       Mephitic Cloud    |       |     1 ||     1
  Use: Scroll            |     4 |       ||     4
       Potion            |     1 |     3 ||     4
 Stab: Sleeping          |     2 |       ||     2
  Eat: Chunk             |     4 |       ||     4
Armor: Robe              |    13 |     2 ||    15
Dodge: Dodged            |    32 |     3 ||    35
